 Dungeon Crawl Stone Soup version 0.18-a0-884-gb6cfd45 (webtiles) character file.

30 Jmtri7 the Skirmisher (level 3, 0/30 HPs)
             Began as a Minotaur Skald on Dec 23, 2015.
             Succumbed to a worker ant's poison
             ... on level 3 of the Dungeon.
             The game lasted 00:07:16 (630 turns).

Jmtri7 the Skirmisher (Minotaur Skald)               Turns: 630, Time: 00:07:16

Health: 0/30       AC:  8    Str: 17    XL:     3   Next: 5%
Magic:  2/4        EV:  7    Int:  9    God:
Gold:   42         SH:  0    Dex:  9    Spells: 2 memorised, 2 levels left

rFire  . . .     SeeInvis .     a - +0 falchion (curse)
rCold  . . .     Gourm    .     g - +0 chain mail
rNeg   . . .     Faith    .     (no shield)
rPois  .         Spirit   .     (helmet restricted)
rElec  .         Dismiss  .     (no cloak)
rCorr  .         Reflect  .     (no gloves)
SustAt .         Harm     .     (no boots)
MR     .....                    (no amulet)
Stlth  ..........               (no ring)
                                (no ring)

@: lethally poisoned (0 -> -5), very slightly contaminated, not resistant to
hostile enchantments, extremely unstealthy
A: retaliatory headbutt, horns 2
a: no special abilities


You were on level 3 of the Dungeon.
You were not hungry.

You visited 1 branch of the dungeon, and saw 3 of its levels.

You collected 42 gold pieces.

Inventory:

Hand Weapons
 a - a cursed +0 falchion (weapon)
Armour
 g - a +0 chain mail (worn)
Scrolls
 b - a scroll of identify {unknown}
 e - a scroll of amnesia {unknown}
 h - a scroll of magic mapping {unknown}
 j - a scroll of teleportation {unknown}
 n - a scroll of blinking {unknown}
 p - 3 scrolls of fear {unknown}
Potions
 f - 2 potions of curing {unknown}
 i - a potion of heal wounds {unknown}
 k - a potion of cancellation {unknown}
 l - a potion of agility {unknown}
Books
 c - a book of Battle

   Spells                             Type                      Level
   a - Infusion                       Charms                       1
   b - Shroud of Golubria             Charms/Translocation         2
   c - Song of Slaying                Charms                       2
   d - Spectral Weapon                Hexes/Charms                 3
   e - Regeneration                   Charms/Necromancy            3
Comestibles
 d - 2 bread rations
 m - a beef jerky
 o - a fruit
 q - a meat ration


   Skills:
 + Level 2.9 Fighting
 + Level 2.6 Long Blades
 + Level 1.3 Armour
 - Level 1.1 Dodging
 * Level 1.8 Spellcasting
 * Level 2.2 Charms


You had 2 spell levels left.
You knew the following spells:

 Your Spells              Type           Power        Failure   Level  Hunger
a - Infusion              Chrm           #.....       99%         1    ##.....
b - Song of Slaying       Chrm           #.......     100%        2    ###....


Dungeon Overview and Level Annotations

Branches:
Dungeon (3/15)

Altars:


Innate Abilities, Weirdness & Mutations

You reflexively headbutt those who attack you in melee.
You have a pair of horns on your head.


Message History

The orc is almost dead.
The orc hits you with an enchanted trident.
You hit the orc.
You kill the orc!
The worker ant bites you.
You hit the worker ant.
The worker ant is lightly wounded.
The worker ant bites you.
* * * LOW HITPOINT WARNING * * *
You hit the worker ant but do no damage.
Your headbutt misses the worker ant.
The worker ant is lightly wounded.
The worker ant bites you.
* * * LOW HITPOINT WARNING * * *
You are lethally poisoned!
The worker ant poisons you!
* * * LOW HITPOINT WARNING * * *
You feel sick. The worker ant bites you.
* * * LOW HITPOINT WARNING * * *
You die...

######### .#
#.......#
...##.....<.#
.......[..@.#
(#........#
#..#....a...#
#.......#####
...####)# ..
..# .### ..
..


You could see a worker ant.

Vanquished Creatures
  A giant gecko (D:2)
  An orc (D:3)
  5 bats
  A giant cockroach (D:1)
  4 hobgoblins
  4 jackals (D:2)
  2 giant newts (D:1)
  3 goblins
  2 kobolds (D:1)
  3 rats (D:1)
26 creatures vanquished.

Notes
Turn   | Place    | Note
--------------------------------------------------------------
     0 | D:1      | Jmtri7 the Minotaur Skald began the quest for the Orb.
     0 | D:1      | Reached XP level 1. HP: 18/18 MP: 1/1
   286 | D:1      | Reached XP level 2. HP: 25/25 MP: 3/3
   374 | D:1      | Learned a level 2 spell: Song of Slaying
   607 | D:2      | Reached XP level 3. HP: 20/30 MP: 4/4
   628 | D:3      | HP: 1/30 [worker ant (2)]
   630 | D:3      | Succumbed to a worker ant's poison

Vault maps used:
D:1:      lightli_arrival_statuegarden
D:2:      grunt_temple_overflow_open, st_stairs_13
D:3:      first_bread, kennysheep_generic_room_7, uniq_terence

Action                   || total
-------------------------++-------
Melee: Falchion          ||    89
 Cast: Infusion          ||     1
